 Dungeon Crawl Stone Soup version 0.25-a0-2-g6559c6c67a (webtiles) character file.

Game seed: 7501037488432497003, levelgen mode: deterministic

72 Heliosone the Ducker (level 4, 34/36 HPs)
             Began as a Demonspawn Gladiator on Oct 14, 2019.
             Quit the game on level 2 of the Dungeon.
             The game lasted 00:02:57 (1989 turns).

Heliosone the Ducker (Demonspawn Gladiator)         Turns: 1989, Time: 00:02:57

Health: 34/36      AC:  5    Str: 15    XL:     4   Next: 7%
Magic:  13/13      EV: 13    Int:  9    God:
Gold:   139        SH:  0    Dex: 15    Spells: 3/3 levels left

rFire    + . .     SeeInvis .   a - +0 trident
rCold    . . .     Gourm    .   (no shield)
rNeg     . . .     Faith    .   b - +0 leather armour
rPois    .         Spirit   .   c - +0 helmet
rElec    .         Reflect  .   (no cloak)
rCorr    .         Harm     .   (no gloves)
MR       .....                  (no boots)
Stlth    +.........             (no amulet)
HPRegen  0.12/turn              h - ring of magical power
MPRegen  0.13/turn              (no ring)

@: lightly drained
A: rugged brown scales 1, fire resistance 1
a: no special abilities


You were on level 2 of the Dungeon.
You were not hungry.

You visited 1 branch of the dungeon, and saw 2 of its levels.

You collected 139 gold pieces.

Inventory:

Hand Weapons
 a - a +0 trident (weapon)
Missiles
 d - 3 throwing nets (quivered)
 e - 3 boomerangs
Armour
 b - a +0 leather armour (worn)
 c - a +0 helmet (worn)
Jewellery
 h - a ring of magical power (left hand)
 k - a cursed amulet of rage {unknown}
Scrolls
 g - a scroll of identify {unknown}
 i - a scroll of amnesia {unknown}
 j - 2 scrolls of teleportation {unknown}
 l - 2 scrolls of enchant armour {unknown}
Potions
 m - a potion of curing {unknown}
 n - a potion of heal wounds {unknown}
 p - 2 potions of magic {unknown}
Comestibles
 f - 4 rations


   Skills:
 + Level 3.0(2.8) Fighting
 + Level 3.3(3.1) Polearms
 - Level 1.7(1.5) Throwing
 + Level 3.3(3.1) Dodging


You had 3 spell levels left.
You didn't know any spells.
Your spell library was empty.

Dungeon Overview and Level Annotations

Branches:
Dungeon (2/15)

Altars:


Innate Abilities, Weirdness & Mutations

You are partially covered in rugged brown scales. (AC +1, +3% HP)
Your flesh is heat resistant. (rF+)


Message History

Attack whom?
Press: ? - help, Dir - move target cursor, f - goblin
Aim: a goblin, wielding a +0 club (hasn't noticed you)
You reach to attack!
You closely miss the goblin.
The goblin shouts!
The goblin hits you but does no damage.
You closely miss the goblin. The goblin barely misses you.
You closely miss the goblin.
You are feeling hungry.
The goblin closely misses you.
You completely miss the goblin. The goblin hits you but does no damage.
You puncture the goblin!
You kill the goblin!
No target in view!
No target in view!
Eating a chunk of flesh.
You eat the chunk of flesh.
This raw flesh tastes terrible.
Things that are here:
a +0 club; a goblin corpse Are you sure you want to abandon this character and quit the game? (Confirm with "yes".)

.....##### #.#####.............
####.### #.#........#.######.
#.....# #.#.######.#+## #.
##.....# #......###..รท.## #.
.......# #..............## #.
.......# #.#....##.......###.
.......#######...####.........##.
..............................'..
.....#########..@.............###
..#### ##)######.......## ...#
#.# ##.....## ##.# #)# ......##
#.# #.# .###.. #.# #...# .... #.#
#...... ## #.# #.......# #.#
#..........


There were no monsters in sight!

Vanquished Creatures
  Terence (D:2)
  An adder (D:2)
  An ooze (D:2)
  2 giant cockroaches (D:1)
  9 goblins
  3 hobgoblins (D:1)
  2 jackals (D:1)
  4 kobolds
  A ball python (D:2)
  2 bats (D:2)
  A frilled lizard (D:1)
  7 rats
34 creatures vanquished.

Notes
Turn   | Place    | Note
-------+----------+-------------------------------------------
     0 | D:1      | Heliosone the Demonspawn Gladiator began the quest for the
                  | Orb.
     0 | D:1      | Reached XP level 1. HP: 16/16 MP: 1/1
   513 | D:1      | Gained mutation: You are partially covered in rugged brown
                  | scales. (AC +1, +3% HP) [demonic ancestry]
   513 | D:1      | Reached XP level 2. HP: 16/22 MP: 2/2
  1362 | D:2      | Reached XP level 3. HP: 28/28 MP: 3/3
  1954 | D:2      | Noticed Terence
  1968 | D:2      | Killed Terence
  1968 | D:2      | Gained mutation: Your flesh is heat resistant. (rF+)
                  | [demonic ancestry]
  1968 | D:2      | Reached XP level 4. HP: 32/36 MP: 4/4
  1989 | D:2      | Quit the game

Levels and vault maps discovered:
D:1:      dpeg_chamrin_arrival_tetris, layout_loops_corners,
          minmay_stone_trees_large, minmay_pentomino_s2
D:2:      layout_loops_corners, first_ration, uniq_terence

Skill      XL: |  1  2  3 |
---------------+----------+-----
Polearms       | 3 |  3.3
Dodging        | 3 |  3.3
Fighting       | 3 |  3.0
Throwing       | |  1.7

Action                   |  1- 3 |  4- 6 || total
-------------------------+-------+-------++-------
Melee: Trident           |   127 |     5 ||   132
Throw: Throwing net      |     1 |       ||     1
  Eat: Chunk             |     3 |     1 ||     4
Armor: Leather armour    |    29 |     2 ||    31
Dodge: Dodged            |    68 |     2 ||    70

Table legend:
 A = Non-vault XP
 B = Vault XP
 C = Vault XP percentage of total XP
 D = Non-vault monster count
 E = Vault monster count
 F = Vault count percentage of total count
                 A         B        C        D         E       F
            +---------+---------+-------+---------+---------+-------
      Total |      66 |      38 |  36.5 |      32 |       2 |   5.9
            +---------+---------+-------+---------+---------+-------
        D:1 |      31 |       2 |   6.1 |      19 |       1 |   5.0
        D:2 |      35 |      36 |  50.7 |      13 |       1 |   7.1
            +---------+---------+-------+---------+---------+-------
